 Dungeon Crawl Stone Soup version 0.24-a0-335-g06ca16a (webtiles) character file.

Game seed: 16927451780068004106

132 Borgoz the Slasher (level 5, 0/45 HPs)
             Began as a Hill Orc Gladiator on May 19, 2019.
             Slain by an orc wizard
             ... wielding a +3 dagger of speed
              (1 damage)
             ... on level 3 of the Dungeon.
             The game lasted 00:02:54 (1642 turns).

Borgoz the Slasher (Hill Orc Gladiator)             Turns: 1642, Time: 00:02:55

Health: 0/45       AC:  9    Str: 17    XL:     5   Next: 15%
Magic:  5/5        EV: 12    Int:  8    God:
Gold:   65         SH:  0    Dex: 13    Spells: 4/4 levels left

rFire    . . .     SeeInvis .   a - +0 long sword
rCold    . . .     Gourm    .   (no shield)
rNeg     . . .     Faith    .   j - +0 ring mail
rPois    .         Spirit   .   h - +0 helmet
rElec    .         Reflect  .   o - +1 cloak
rCorr    .         Harm     .   i - +0 pair of gloves
MR       .....                  (no boots)
Stlth    +.........             (no amulet)
HPRegen  0.15/turn              (no ring)
MPRegen  0.09/turn              (no ring)

@: no status effects
A: no striking features
a: no special abilities


You were on level 3 of the Dungeon.
You were not hungry.

You visited 1 branch of the dungeon, and saw 3 of its levels.

You collected 65 gold pieces.

Inventory:

Hand Weapons
 a - a +0 long sword (weapon)
Missiles
 d - 3 throwing nets (quivered)
Armour
 h - a +0 helmet (worn)
 i - a +0 pair of gloves (worn)
 j - a +0 ring mail (worn)
 o - a +1 cloak (worn)
Jewellery
 g - an uncursed amulet of the acrobat {unknown}
Scrolls
 c - 2 scrolls of immolation {unknown}
 e - a scroll of blinking {unknown}
 l - a scroll of teleportation {unknown}
 n - a scroll of fear {unknown}
Potions
 b - a potion of mutation {unknown}
 k - 3 potions of curing {unknown}
 m - a potion of lignification {unknown}
Comestibles
 f - 5 rations


   Skills:
 + Level 3.3 Fighting
 * Level 4.5 Long Blades
 - Level 1.7 Throwing
 + Level 1.7 Armour
 * Level 3.3 Dodging


You had 4 spell levels left.
You didn't know any spells.
Your spell library was empty.

Dungeon Overview and Level Annotations

Branches:
Dungeon (3/15)

Altars:


Message History

Reactivating autopickup.
The orc wizard hits you but does no damage.
You hit the orc wizard but do no damage.
The orc wizard is lightly wounded.
The orc wizard hits you but does no damage.
You slash the orc wizard!
The orc wizard is severely wounded.
The orc wizard gestures wildly while chanting.
The orc wizard flickers and vanishes!
Deactivating autopickup; reactivate with Ctrl-A.
Something barely misses you.
You miss something. Something hits you.
* * * LOW HITPOINT WARNING * * *
You miss something. Something hits you but does no damage.
You hear some strange, mumbled words.
A magic dart appears from out of thin air!
The magic dart hits you!
* * * LOW HITPOINT WARNING * * *
You miss something. Something hits you.
You die...

####### #####......
##.......<..
#...##.#####
###...#.#.####
#####.......##....
#######†..$.......###..#
..................##.#.#
#######@#####...#.#.##.#
##{## #...##.###.# #.o.#
##.###.###.# #...#
#.......<.. #.....#
##.....##.# #........
#.....##.. #..........
#.....###.
##..........##...## #.
##.....##.####.## #.


You could see an orc.

Vanquished Creatures
  6 adders
  An ooze (D:2)
  A worm (D:2)
  2 leopard geckos
  3 orcs (D:3)
  5 giant cockroaches
  6 goblins
  3 hobgoblins (D:1)
  11 jackals
  A quokka (D:2)
  6 bats
  5 frilled lizards
  6 kobolds
  6 rats (D:1)
62 creatures vanquished.

Notes
Turn   | Place    | Note
-------+----------+-------------------------------------------
     0 | D:1      | Borgoz the Hill Orc Gladiator began the quest for the Orb.
     0 | D:1      | Reached XP level 1. HP: 18/18 MP: 1/1
   267 | D:1      | Reached XP level 2. HP: 23/25 MP: 2/2
   583 | D:1      | Reached XP level 3. HP: 30/30 MP: 3/3
   875 | D:2      | Reached skill level 1 in Armour
   890 | D:2      | Reached skill level 4 in Long Blades
  1084 | D:2      | Reached XP level 4. HP: 38/38 MP: 4/4
  1565 | D:3      | Reached XP level 5. HP: 45/45 MP: 5/5
  1641 | D:3      | HP: 1/45 [something/magic dart (10)]
  1642 | D:3      | Slain by an orc wizard

Levels and vault maps discovered:
D:1:      dpeg_cavernosity, layout_basic
D:2:      layout_basic
D:3:      layout_loops_ring, gammafunk_ghost_arena, uniq_sigmund

Skill      XL: |  1  2  3 |
---------------+----------+-----
Armour         | 1 |  1.7
Fighting       | 3 |  3.3
Long Blades    | 4 |  4.5
Dodging        | 3 |  3.3
Throwing       | |  1.7

Action                   |  1- 3 |  4- 6 || total
-------------------------+-------+-------++-------
Melee: Long sword        |    77 |   140 ||   217
  Eat: Chunk             |     1 |     2 ||     3
Armor: Leather armour    |     5 |       ||     5
       Ring mail         |    38 |    89 ||   127
Dodge: Dodged            |    62 |    99 ||   161
       Rpst.: Long sword |    20 |    26 ||    46

Table legend:
 A = Non-vault XP
 B = Vault XP
 C = Vault XP percentage of total XP
 D = Non-vault monster count
 E = Vault monster count
 F = Vault count percentage of total count
                 A         B        C        D         E       F
            +---------+---------+-------+---------+---------+-------
      Total |     182 |       7 |   3.7 |      58 |       4 |   6.5
            +---------+---------+-------+---------+---------+-------
        D:1 |      32 |       7 |  17.9 |      19 |       4 |  17.4
        D:2 |     114 |       0 |   0.0 |      28 |       0 |   0.0
        D:3 |      36 |       0 |   0.0 |      11 |       0 |   0.0
            +---------+---------+-------+---------+---------+-------
